 Dungeon Crawl Stone Soup version 0.27-a0-1232-gc6a4cbde82 (webtiles) character file.

Game seed: 8697098883191379204

28 ZappyNine the Vandal (level 2, -1/14 HPs)
             Began as a Spriggan Hunter on June 8, 2021.
             Killed by divine providence
             ... invoked by an orc priest
              (14 damage)
             ... on level 2 of the Dungeon.
             The game lasted 00:00:45 (964 turns).

ZappyNine the Vandal (Spriggan Hunter)               Turns: 964, Time: 00:00:46

Health: -1/14      AC:  2    Str:  8    XL:     2   Next: 96%
Magic:  3/3        EV: 17    Int: 12    God:
Gold:   54         SH:  0    Dex: 15    Spells: 1/1 levels left

rFire    . . .     SeeInvis +   a - +1 hunting sling
rCold    . . .     Faith    .   (shield restricted)
rNeg     . . .     Spirit   .   c - +0 robe
rPois    .         Reflect  .   (helmet restricted)
rElec    .         Harm     .   (no cloak)
rCorr    .         Rampage  .   (gloves unavailable)
Will     .....                  (boots unavailable)
Stlth    ++........             (no amulet)
HPRegen  0.04/turn              (no ring)
MPRegen  0.08/turn              (no ring)

@: very quick
A: very small, no large weapons, unfitting armour, see invisible, speed 3
a: no special abilities


You were on level 2 of the Dungeon.
You visited 1 branch of the dungeon, and saw 2 of its levels.

You collected 54 gold pieces.

Inventory:

Hand Weapons
 a - a +1 hunting sling (weapon)
 b - a +0 short sword
Missiles
 d - 7 sling bullets (quivered ammo)
 g - 31 stones
Armour
 c - a +0 robe (worn)
Jewellery
 j - an amulet of magic regeneration
Scrolls
 e - a scroll of fear {unknown}
 i - a scroll of identify {unknown}
Potions
 f - a potion of degeneration {unknown}
 h - a potion of magic {unknown}


   Skills:
 + Level 1.6 Fighting
 + Level 5.9 Slings
 + Level 2.7 Dodging
 + Level 1.5 Stealth


You had one spell level left.
You didn't know any spells.
Your spell library contained the following spells:

 Spells                   Type           Power      Damage    Failure   Level
 Magic Dart               Conj           0%         1d3       32%         1
 Blink                    Tloc           N/A        N/A       45%         2
 Call Imp                 Summ           0%         N/A       45%         2
 Searing Ray              Conj           0%         3d3       45%         2
 Slow                     Hex            0%         N/A       45%         2
 Conjure Flame            Conj/Fire      0%         6-21      69%         3
 Dazzling Flash           Conj/Hex       0%         N/A       69%         3
 Mephitic Cloud           Conj/Pois/Air  0%         N/A       69%         3
 Fulminant Prism          Conj/Hex       0%         3d6       97%         4
 Iskenderun's Mystic Bla  Conj/Tloc      0%         2d3       97%         4


Dungeon Overview and Level Annotations

Branches:
Dungeon (2/15)

Altars:


Innate Abilities, Weirdness & Mutations

You are very small and have problems with some larger weapons.
You are too small for most types of armour.
You have supernaturally acute eyesight. (SInv)
You cover ground extremely quickly. (Speed+++)


Message History

You shoot a sling bullet.
The sling bullet closely misses the quokka.
An orc comes into view. It is wielding a +0 short sword.
The jackal bites you. The quokka barely misses you.
You shoot a sling bullet.
The sling bullet closely misses the quokka.
The sling bullet closely misses the jackal.
The jackal barely misses you. The quokka barely misses you.
Unknown command.
Things that are here:
a +0 dagger; a kobold corpse You shoot a sling bullet.
The sling bullet hits the jackal.
You kill the jackal!
You shoot a sling bullet. The sling bullet hits the jackal.
You kill the jackal!
You shoot a sling bullet. The sling bullet misses the jackal.
The sling bullet hits the quokka.
You kill the quokka!
You shoot a sling bullet.
The sling bullet barely misses the jackal.
You shoot a sling bullet. The sling bullet hits the jackal.
The jackal is almost dead.
The jackal closely misses you. The jackal barely misses you.
You shoot a sling bullet. The sling bullet hits the jackal!
You kill the jackal!
No target in view!
d - 6 sling bullets (gained 2)
d - 7 sling bullets (gained 1)
Things that are here:
a jackal corpse; a jackal corpse An orc comes into view.
It is wielding a +0 falchion.
Items here: ( ) ††.
A ball python comes into view.
You see here a sling bullet.
An orc priest comes into view. It is wielding a +0 whip.
The orc shouts!
The orc priest invokes the aid of Beogh against you.
Beogh smites you!
Ouch! That really hurt!
You die...

..........# #..####.#
.##.#####.# #..#
#.#### # #.# #..#
#....# #.# #.†#
#....# ## ##.###..#
##..)# .. .......(#
###.##.## ##..###.#
#.......# #.. #(#
#.#.##..#
###..###@####.#<# .#
....................#
####.#..#####.#..##.#
#.o# #.#..#
#....(..........
#..#S$...##.#.[#.
#..o....... .....
#..o....######## .
.........


You could see an orc priest, 2 orcs and a ball python (wandering).

Vanquished Creatures
  An adder (D:2)
  An endoplasm (D:1)
  4 goblins
  A hobgoblin (D:1)
  4 jackals (D:2)
  A quokka (D:2)
  A ball python (D:1)
  A bat (D:1)
  A frilled lizard (D:1)
  A kobold (D:2)
  2 rats (D:1)
18 creatures vanquished.

Notes
Turn   | Place    | Note
-------+----------+-------------------------------------------
     0 | D:1      | ZappyNine the Spriggan Hunter began the quest for the Orb.
     0 | D:1      | Reached XP level 1. HP: 10/10 MP: 2/2
   213 | D:1      | Reached skill level 5 in Slings
   632 | D:1      | Reached XP level 2. HP: 14/14 MP: 3/3
   964 | D:2      | Killed from afar by an orc priest

Illustrated notes

Levels and vault maps discovered:
D:1:      heliophobic_arrival_henge, layout_loops_corners
D:2:      cheibrodos_pilgrimage, layout_loops_ring,
          hellmonk_ecumenical_altar_run_dry

Skill      XL: |  1 |
---------------+----+-----
Slings         | 5 |  5.9
Fighting       | |  1.6
Dodging        | |  2.7
Stealth        | |  1.5

Action                   || total
-------------------------++-------
 Fire: Hunting sling     ||    35
Dodge: Dodged            ||     6

Table legend: (Time is in decaauts)
 A = Elapsed time spent in this place.
 B = Non-inter-level travel time spent in this place.
 C = Inter-level travel time spent in this place.
 D = Time resting spent in this place.
 E = Time spent auto-exploring this place.
 F = Levels seen in this place.
 G = Mean time per level.
                   A        B        C        D        E       F      G
               +--------+--------+--------+--------+--------+-----+--------+
         Total |    608 |    595 |     13 |      0 |    516 |   2 |  304.0 |
       Dungeon |    608 |    595 |     13 |      0 |    516 |   2 |  304.0 |
               +--------+--------+--------+--------+--------+-----+--------+

Top non-repeatable levels by time:
     D:1: 544 daAuts
     D:2: 63 daAuts
